 Dungeon Crawl Stone Soup version 0.29.0-3-gbb0933ed62 (webtiles) character file.

Game seed: 15458495207596649304

1262 Gate88 the Skirmisher (level 8, -1/37 HPs)
             Began as a Spriggan Hunter on Aug 25, 2022.
             Was a High Priest of Ignis.
             Shot with an arrow by a centaur (15 damage)
             ... on level 6 of the Dungeon.
             The game lasted 00:11:57 (5809 turns).

Gate88 the Skirmisher (Spriggan Hunter)             Turns: 5809, Time: 00:11:57

Health: -1/37      AC:  3    Str:  7    XL:     8   Next: 27%
Magic:  9/9        EV: 22    Int: 10    God:    Ignis [*****.]
Gold:   114        SH:  0    Dex: 21    Spells: 7/7 levels left

rFire   + . .      SeeInvis +   a - +0 shortbow
rCold   . . .      Faith    .   (shield currently unavailable)
rNeg    . . .      Spirit   .   c - +1 robe
rPois   .          Reflect  .   (helmet restricted)
rElec   .          Harm     .   (no cloak)
rCorr   .          Rampage  .   (gloves unavailable)
Will    +....                   (boots unavailable)
Stlth   +++.......              (no amulet)
HPRegen 0.12/turn               (no ring)
MPRegen 0.11/turn               (no ring)

@: very quick
A: very small, no large weapons, unfitting armour, see invisible, speed 3
a: Renounce Religion, Fiery Armour, Foxfire Swarm, Rising Flame


You were on level 6 of the Dungeon.
You worshipped Ignis.
Ignis was extremely pleased with you.
You visited 2 branches of the dungeon, and saw 7 of its levels.

You collected 244 gold pieces.
You spent 130 gold pieces at shops.

Inventory:

Hand Weapons
 a - a +0 shortbow (weapon)
Missiles
 g - 4 poisoned darts
 h - 54 stones
 m - 4 atropa-tipped darts
 n - 6 datura-tipped darts
Armour
 c - a +1 robe (worn)
Wands
 r - a wand of light (2)
Scrolls
 b - a scroll of immolation
 e - 2 scrolls of teleportation {@r2}
 f - 2 scrolls of magic mapping {unknown}
 i - a scroll of enchant armour
 k - a scroll of identify
 l - a scroll of enchant weapon {unknown}
 o - a scroll of blinking {@r1}
 q - a scroll of acquirement {unknown}
 u - 2 scrolls of torment {unknown}
Potions
 d - a potion of ambrosia {unknown}
 j - 2 potions of heal wounds {@q1}
 p - a potion of brilliance
 s - a potion of degeneration
 t - 2 potions of magic
 v - a potion of lignification {unknown}
 w - a potion of curing {@q2}
 x - a potion of haste {@q3}


   Skills:
 - Level 1.6 Fighting
 * Level 9.3 Ranged Weapons
 - Level 7.1 Dodging
 - Level 4.0 Stealth


You had 7 spell levels left.
You didn't know any spells.
Your spell library contained the following spells:

 Spells                   Type           Power      Damage    Failure   Level
 Beastly Appendage        Tmut           0%         N/A       36%         1
 Wereblood                Tmut           0%         N/A       50%         2
 Spider Form              Tmut/Pois      0%         N/A       75%         3
 Summon Ice Beast         Ice/Summ       0%         N/A       98%         4
 Summon Mana Viper        Hex/Summ       0%         N/A       100%        5
 Monstrous Menagerie      Summ           0%         N/A       100%        7
 Dragon's Call            Summ           0%         N/A       100%        9


Dungeon Overview and Level Annotations

Branches:
Dungeon (6/15)             Temple (1/1) D:4

Altars:
Ashenzari
Elyvilon
Fedhas
Gozag
Hepliaklqana
Kikubaaqudgha
Makhleb
Nemelex Xobeh
Okawaru
Qazlal
Ru
Sif Muna
Trog
Uskayaw
Vehumet
Wu Jian
The Shining One
Ignis

Shops:
D:3 *   D:6 !


Innate Abilities, Weirdness & Mutations

You are very small and have problems with some larger weapons.
You are too small for most types of armour.
You have supernaturally acute eyesight. (SInv)
You cover ground extremely quickly. (Speed+++)


Message History

The gnoll is heavily wounded.
You shoot an arrow. The arrow barely misses the gnoll.
The gnoll closely misses you.
There is a stone staircase leading up, spattered with blood here.
The gnoll is no longer moving quickly.
You shoot an arrow. The arrow hits the sky beast!
The sky beast is moderately wounded.
You shoot an arrow. The arrow hits the sky beast.
The sky beast is heavily wounded.
You shoot an arrow. The arrow hits the sky beast!
The sky beast is almost dead.
You shoot an arrow. The arrow misses the sky beast.
The arrow closely misses the gnoll.
You shoot an arrow. The arrow hits the sky beast.
You kill the sky beast!
You shoot an arrow.
The arrow hits the gnoll but does no damage.
The gnoll is heavily wounded.
You shoot an arrow. The arrow barely misses the gnoll.
You shoot an arrow. The arrow hits the gnoll.
The gnoll is severely wounded.
You shoot an arrow. The arrow barely misses the gnoll.
You shoot an arrow. The arrow hits the gnoll.
The gnoll is almost dead.
You shoot an arrow. The arrow closely misses the gnoll.
You shoot an arrow. The arrow hits the gnoll!
You kill the gnoll!
No target in view!
t - 2 potions of magic (gained 1)
You see here a +0 halberd.
A centaur is nearby!
You shoot an arrow. The arrow closely misses the centaur.
The centaur shouts!
The centaur shoots an arrow.
The arrow hits you!
The centaur shoots an arrow.
The arrow hits you.
The centaur shoots an arrow.
The arrow hits you.
* * * LOW HITPOINT WARNING * * *
The centaur shoots an arrow.
The arrow closely misses you.
The centaur shoots an arrow.
The arrow hits you!
You die...

#............#...'.........#
..###......#..)..#############
..# #).....#.<.)........# #..##
..# #.................#####...##
..###......###.........###.....#
...........#.#..##...........###
.##........#....##..........##
..#........#..#.........#..##
................@.........##
.##....#................###
...#...##.........c.....#
.............†.#.....#.##
...#..........##....####
...#..........##....#
......#....#∩.......#
......#....##......###
...........##...#....#


You could see a centaur.

Vanquished Creatures
  Menkaure (D:4)
  A sky beast (D:6)
  An ice beast (D:5)
  A black bear (D:5)
  3 centaurs
  2 phantoms
  A bullfrog (D:6)
  2 hounds
  2 iguanas (D:5)
  An orc wizard (D:5)
  6 adders
  13 gnolls
  A shadow imp (D:6)
  A white imp (D:5)
  2 ufetubi (D:5)
  A dart slug (D:3)
  8 orcs
  3 ball pythons
  7 endoplasms
  6 giant cockroaches
  8 goblins
  6 hobgoblins
  2 jackals (D:2)
  A quokka (D:3)
  6 bats
  A frilled lizard (D:1)
  4 kobolds
  4 rats
95 creatures vanquished.

Notes
Turn   | Place    | Note
-------+----------+-------------------------------------------
     0 | D:1      | Gate88 the Spriggan Hunter began the quest for the Orb.
     0 | D:1      | Reached XP level 1. HP: 10/10 MP: 2/2
    88 | D:1      | Reached XP level 2. HP: 12/14 MP: 3/3
   491 | D:1      | Found a faded altar of an unknown god.
   628 | D:1      | Prayed at the altar of an unknown god.
   628 | D:1      | Became a worshipper of Ignis, the Dying Flame
   691 | D:2      | Reached XP level 3. HP: 18/18 MP: 4/4
  1334 | D:3      | Found Gozag's Platinum Reserve.
  1342 | D:3      | Found an opulent altar of Gozag.
  1364 | D:3      | Reached XP level 4. HP: 22/22 MP: 5/5
  1442 | D:3      | Reached skill level 5 in Ranged Weapons
  1480 | D:3      | Found a sparkling altar of Nemelex Xobeh.
  1828 | D:3      | Reached XP level 5. HP: 14/25 MP: 6/6
  2149 | D:4      | Found a staircase to the Ecumenical Temple.
  2159 | Temple   | Entered the Ecumenical Temple
  2427 | D:4      | Noticed a phantom
  2601 | D:4      | Found a stormy altar of Qazlal.
  2719 | D:4      | Noticed Menkaure
  2727 | D:4      | Killed Menkaure
  2728 | D:4      | Reached skill level 6 in Ranged Weapons
  2728 | D:4      | Reached skill level 5 in Dodging
  2728 | D:4      | Reached XP level 6. HP: 30/30 MP: 7/7
  3038 | D:4      | Found an iron altar of Okawaru.
  3124 | D:5      | Entered Level 5 of the Dungeon
  3572 | D:5      | Reached skill level 7 in Ranged Weapons
  3572 | D:5      | Reached XP level 7. HP: 33/33 MP: 8/8
  4680 | D:6      | Reached skill level 8 in Ranged Weapons
  5056 | D:6      | Got the Dissertation on Summoning
  5085 | D:6      | Found Meuf Ryf's Distillery.
  5093 | D:6      | Bought a potion of curing for 30 gold pieces
  5093 | D:6      | Bought a potion of haste for 100 gold pieces
  5139 | D:6      | Reached XP level 8. HP: 37/37 MP: 9/9
  5219 | D:6      | Noticed a troll
  5659 | D:6      | Reached skill level 9 in Ranged Weapons
  5809 | D:6      | Shot with an arrow by a centaur

Illustrated notes

Levels and vault maps discovered:
D:1:      amcnicky_arrival_choice, layout_basic, ebering_ecumenical_altar_hall
D:2:      layout_basic
D:3:      layout_loops_cross, nicolae_gozag_zags_fifth_avenue,
          nemelex_spade_bored_becter, due_unseen_surprise
D:4:      layout_loops_ring, lemuel_round_altar, old_standard_altar,
          temple_green, minmay_misc_feat_secret_circle, uniq_menkaure
D:5:      layout_loops_cross, kennysheep_cluttered_room, hangedman_glass_teeth
D:6:      layout_cave_pools, serial_shops, shop, grunt_decor_one_mirror,
          kennysheep_opposing_triangles
Temple:   nicolae_temple_figure_eight

Skill      XL: |  1  2  3  4  5  6  7  8 |
---------------+-------------------------+-----
Stealth        | 2 3 4 |  4.0
Dodging        | 3 4 5 7 |  7.1
Ranged Weapons | 5 6 7 8 9 |  9.3
Fighting       | |  1.6

Action                   |  1- 3 |  4- 6 |  7- 9 || total
-------------------------+-------+-------+-------++-------
 Fire: Shortbow          |    94 |   125 |   164 ||   383
Evoke: Wand              |       |       |     1 ||     1
  Use: Scroll            |       |     3 |     4 ||     7
Armor: Robe              |     2 |     8 |     2 ||    12
Dodge: Dodged            |    11 |    56 |    48 ||   115
